Map: Apotheose LE

Players

PRØToss - Winner!

  • Race: Protoss Protoss

Fantdaluen

  • Race: Terran Terran
  • League: Bronze

VOD

Have the link to the VOD?

Description

Time

  • Played on: Aug. 27, 2016, 6:46 p.m.
  • Length: 12:51
Show
View Real Time Build Order
Export as new Build Order

PRØToss Protoss - Winner!

Build Orders: 1 Gate Expand 

Get SALT Encoding   

  12  0:02  Probe (Chrono Boost)  
  13  0:12  Probe (Chrono Boost)  
  14  0:20  Pylon  
  14  0:23  Probe (Chrono Boost)  
  15  0:38  Gateway, Probe (Chrono Boost)  
  16  0:43  Assimilator  
  16  0:48  Probe (Chrono Boost)  
  17  0:59  Probe (Chrono Boost)  
  18  1:09  Probe (Chrono Boost)  
  19  1:22  Nexus  
  19  1:35  Cybernetics Core  
  19  1:37  Probe (Chrono Boost)  
  20  1:47  Assimilator, Probe (Chrono Boost)  
  21  1:58  Probe (Chrono Boost)  
  22  2:10  Pylon  
  22  2:12  Probe (Chrono Boost)  
  22  2:14  Warp Gate  
  23  2:22  Robotics Facility  
  23  2:34  Adept  
  25  2:37  Probe (Chrono Boost)  
  25  2:40  Mothership Core (Chrono Boost)  
  28  2:59  Probe x2 (Chrono Boost)  
  28  3:04  Adept  
  32  3:10  Probe x2 (Chrono Boost)  
  34  3:17  Assimilator  
  34  3:20  Robotics Bay, Probe x2 (Chrono Boost)  
  36  3:28  Warp Prism  
  40  3:34  Probe x2 (Chrono Boost)  
  40  3:39  Adept  
  42  3:45  Probe x2 (Chrono Boost)  
  44  3:55  Pylon  
  44  3:57  Probe (Chrono Boost)  
  44  3:58  Pylon, Probe (Chrono Boost)  
  44  4:02  Gravitic Drive  
  46  4:12  Disruptor  
  46  4:16  Probe (Chrono Boost)  
  51  4:18  Probe (Chrono Boost)  
  51  4:25  Gateway  
  51  4:28  Gateway  
  51  4:30  Probe (Chrono Boost)  
  53  4:31  Probe (Chrono Boost)  
  53  4:37  Sentry  
  55  4:42  Pylon, Probe (Chrono Boost)  
  55  4:43  Probe (Chrono Boost)  
  57  4:53  Probe (Chrono Boost)  
  57  4:54  Probe (Chrono Boost)  
  57  4:56  Assimilator  
  59  5:06  Nexus  
  59  5:08  Pylon  
  59  5:11  Forge  
  59  5:12  Observer  
  60  5:27  Probe (Chrono Boost)  
  60  5:28  Probe (Chrono Boost)  
  62  5:32  Protoss Ground Weapons Level 1  
  62  5:39  Probe x2 (Chrono Boost)  
  62  5:40  Stalker x2  
  62  5:41  Stalker  
  70  5:47  Observer  
  70  5:48  Twilight Council  
  73  5:57  Probe (Chrono Boost)  
  73  5:58  Probe (Chrono Boost)  
  73  6:05  Pylon  
  73  6:09  Probe (Chrono Boost), Blink  
  73  6:10  Probe (Chrono Boost)  
  75  6:17  Pylon  
  75  6:19  Pylon  
  75  6:20  Stalker x3  
  75  6:21  Probe (Chrono Boost)  
  75  6:22  Probe (Chrono Boost)  
  75  6:25  Observer  
  84  6:37  Gateway  
  84  6:39  Gateway  
  84  6:40  Gateway  
  84  6:44  Gateway  
  84  6:45  Gateway, Probe x3 (Chrono Boost)  
  87  6:58  Assimilator, Probe x3 (Chrono Boost)  
  90  7:02  Assimilator  
  90  7:04  Immortal  
  90  7:13  Sentry, Adept  
  90  7:14  Sentry  
  100  7:18  Probe (Chrono Boost)  
  100  7:19  Probe x2 (Chrono Boost)  
  100  7:21  Pylon  
  103  7:23  Pylon  
  106  7:30  Probe (Chrono Boost)  
  106  7:31  Protoss Ground Weapons Level 2, Probe x2 (Chrono Boost)  
  106  7:43  Stalker x3  
  106  7:44  Forge  
  112  7:46  Stalker  
  112  7:47  Sentry x2  
  112  7:48  Stalker  
  120  8:03  Immortal  
  120  8:05  Nexus  
  120  8:08  Templar Archives, Pylon  
  120  8:10  Protoss Ground Armor Level 1, Pylon  
  120  8:12  Pylon  
  124  8:14  Resonating Glaives  
  124  8:32  Adept x4  
  124  8:33  Adept x3  
  138  8:50  Assimilator  
  138  8:53  Assimilator, High Templar  
  138  8:54  High Templar  
  138  8:55  High Templar x2  
  146  8:56  Zealot x2  
  146  8:57  Zealot  
  146  8:59  Archon x2  
  152  9:22  High Templar x2  
  152  9:24  Zealot x2  
  160  9:32  Gateway x2  
  160  9:35  Gateway  
  160  9:37  Gateway  
  160  9:40  Gateway  
  160  9:41  Charge, Gateway  
  160  9:42  Archon  
  160  9:45  Pylon  
  160  9:51  Pylon  
  160  9:55  Gateway  
  160  9:57  Pylon  
  160  9:58  Protoss Ground Armor Level 2  
  160  10:17  Pylon  
  160  10:21  High Templar x2, Pylon, Zealot  
  162  10:22  Zealot x3  
  162  10:27  Archon  
  172  10:32  Pylon  
  172  10:34  Pylon  
  172  10:36  Pylon  
  172  10:52  Adept x2, Zealot x2  
  172  10:53  Zealot x3  
  186  11:05  Probe (Chrono Boost)  
  186  11:07  Stalker x4, Probe x3 (Chrono Boost)  
  186  11:08  Stalker  
  200  11:16  Pylon  
  200  11:31  Nexus  
  200  11:36  Pylon  
  200  11:40  Pylon  
  190  12:39  Stalker x3  
  190  12:40  Stalker  
Show
View Real Time Build Order
Export as new Build Order

Fantdaluen Terran 

Build Orders: MMM Bio 

Get SALT Encoding   

  12  0:14  Supply Depot  
  13  0:21  SCV  
  13  0:33  SCV  
  14  0:41  Barracks  
  14  0:45  SCV  
  14  0:49  Refinery  
  15  0:57  SCV  
  16  1:09  SCV  
  17  1:22  SCV  
  18  1:31  Refinery  
  18  1:34  SCV  
  18  1:39  Supply Depot  
  19  1:46  SCV  
  20  1:58  SCV  
  21  2:09  Supply Depot  
  21  2:10  SCV  
  22  2:27  Factory  
  22  2:34  Barracks  
  22  2:38  Marine  
  23  2:52  Supply Depot  
  23  2:54  SCV  
  23  2:55  Marine  
  25  3:07  SCV  
  26  3:13  Marine  
  26  3:14  Supply Depot  
  26  3:19  SCV  
  28  3:24  Barracks Tech Lab  
  28  3:29  Starport  
  28  3:31  Marine, SCV  
  30  3:43  SCV  
  30  3:47  Combat Shields  
  31  3:49  Marine  
  31  3:54  Marine  
  33  4:04  Engineering Bay, Factory Tech Lab  
  33  4:07  Marine  
  34  4:12  Marine  
  34  4:16  Medivac  
  37  4:24  Marine  
  37  4:27  Orbital Command  
  37  4:29  Marine  
  39  4:42  Marine  
  40  4:46  Medivac  
  40  4:47  Marine  
  43  4:58  Command Center  
  43  5:00  Marine  
  43  5:05  Marine  
  43  5:07  Stimpack  
  45  5:14  Terran Infantry Weapons Level 1  
  45  5:18  Marine  
  46  5:23  Marine  
  47  5:29  SCV  
  41  5:36  Marine  
  41  5:41  Marine  
  41  5:42  SCV  
  44  5:53  Barracks  
  44  5:54  Marine, SCV  
  42  6:20  Orbital Command  
  42  6:31  Marine  
  42  6:32  Marine  
  44  6:45  Supply Depot  
  44  6:49  Marine x2  
  41  7:01  SCV  
  41  7:07  Marine x2, Supply Depot  
  43  7:09  Terran Infantry Armor Level 1  
  43  7:13  SCV  
  43  7:15  Marine  
  44  7:20  Liberator  
  45  7:25  Marine x2, SCV  
  48  7:33  Marine  
  43  7:37  SCV  
  43  7:43  Marine x2  
  49  7:51  Marine  
  49  7:56  SCV  
  51  8:01  Marine x2  
  51  8:03  Liberator  
  53  8:08  SCV  
  53  8:09  Marine  
  55  8:18  Marine x2  
  57  8:20  SCV  
  57  8:26  Marine  
  58  8:32  SCV  
  60  8:36  Marine x2  
  62  8:44  Marine  
  62  8:45  SCV  
  64  8:54  Marine x2  
  66  8:57  SCV  
  66  9:02  Marine  
  68  9:09  SCV  
  69  9:12  Marine x2  
  65  9:20  Marine  
  65  9:21  SCV  
  67  9:30  Marine x2  
  69  9:33  SCV  
  69  9:38  Marine  
  71  9:40  Medivac  
  71  9:45  SCV  
  74  9:47  Marine  
  74  9:48  Marine  
  74  9:49  Starport  
  76  9:57  SCV  
  67  10:09  SCV  
  60  10:38  Starport Tech Lab x2  
  53  10:59  Siege Tank  
  56  11:11  Medivac x2  
  60  11:31  Siege Tank  
  63  11:34  Command Center  
  63  11:41  Medivac x2  
Tags
 
Composition
MMM Bio
League
Bronze
Matchup
PvT
Add a new tag
Caveats
  • Supply blocks, unpowered buildings, or Contaminate may cause inaccurate times.
  • Supply counts are checked every 10 seconds.